 Dungeon Crawl Stone Soup version 0.21.1-1-g345015fe64 (webtiles) character file.

208 Mrkan the Covered (level 5, -1/34 HPs)
             Began as a Gargoyle Fighter on May 6, 2018.
             Slain by Mrkan's ghost (6 damage)
             ... on level 3 of the Dungeon.
             The game lasted 00:04:37 (2523 turns).

Mrkan the Covered (Gargoyle Fighter)                Turns: 2523, Time: 00:04:38

Health: -1/34      AC: 11    Str: 26    XL:     5   Next: 86%
Magic:  5/5        EV:  7    Int:  8    God:
Gold:   184        SH: 10    Dex:  9    Spells: 4/4 levels left

rFire    . . .     SeeInvis .   a - +0 flail
rCold    . . .     Gourm    .   c - +0 shield
rNeg     + . .     Faith    .   b - +0 scale mail
rPois    ∞         Spirit   .   (no helmet)
rElec    +         Reflect  .   (no cloak)
rCorr    .         Harm     .   (no gloves)
MR       .....                  (no boots)
Stlth    ..........             (no amulet)
HPRegen  0.11/turn              (no ring)
MPRegen  0.09/turn              (no ring)

@: mighty
A: negative energy resistance 1, electricity resistance, unbreathing,
petrification resistance, rot immunity, AC +4
a: no special abilities


You were on level 3 of the Dungeon.
You were not hungry.

You visited 1 branch of the dungeon, and saw 3 of its levels.

You collected 184 gold pieces.

Inventory:

Hand Weapons
 a - a +0 flail (weapon)
Armour
 b - a +0 scale mail (worn)
 c - a +0 shield (worn)
Jewellery
 l - an uncursed amulet of regeneration {unknown}
 n - a cursed amulet of inaccuracy {unknown}
 r - a cursed ring of teleportation {unknown}
Scrolls
 h - 5 scrolls of identify {unknown}
 j - a scroll of fear {unknown}
 m - 3 scrolls of immolation {unknown}
 o - a scroll of enchant armour {unknown}
 p - 2 scrolls of remove curse {unknown}
 q - a scroll of magic mapping {unknown}
 s - a scroll of amnesia {unknown}
 u - a scroll of teleportation {unknown}
 w - a scroll of enchant weapon {unknown}
Potions
 e - a potion of heal wounds {unknown}
 g - a potion of cancellation {unknown}
 k - 2 potions of haste {unknown}
 t - 2 potions of brilliance {unknown}
 v - a potion of curing {unknown}
Comestibles
 f - 3 rations
 i - 4 chunks of flesh


   Skills:
 + Level 4.4 Fighting
 * Level 3.8 Maces & Flails
 + Level 4.4 Armour
 - Level 4.0 Shields


You had 4 spell levels left.
You didn't know any spells.

Dungeon Overview and Level Annotations

Branches:
Dungeon (3/15)

Altars:
Fedhas

Annotations:
D:3 Mrkan's ghost, amateur TrMo


Innate Abilities, Weirdness & Mutations

You are resistant to torment.
Your stone body is resilient. (AC +4)
You are immune to poison.
You resist negative energy. (rN+)
You are resistant to electric shocks. (rElec)
You can survive without breathing.
You are immune to petrification.
You are immune to rotting.


Message History

* * * LOW HITPOINT WARNING * * *
You barely miss Mrkan's ghost.
Mrkan's ghost is moderately damaged.
Mrkan's ghost hits you but does no damage.
You block Mrkan's ghost's attack.
You feel very mighty all of a sudden. You block Mrkan's ghost's attack.
You closely miss Mrkan's ghost.
Mrkan's ghost is moderately damaged.
You block Mrkan's ghost's attack.
You hit Mrkan's ghost but do no damage.
Mrkan's ghost is moderately damaged.
You block Mrkan's ghost's attack.
You closely miss Mrkan's ghost.
Mrkan's ghost is moderately damaged.
You block Mrkan's ghost's attack.
You sock Mrkan's ghost!
Mrkan's ghost is heavily damaged.
Mrkan's ghost hits you.
You die...

### #.. #.# #.#
#.# #.# #.#
########.####.#
#.......@.....#
#.######W######
#.#........#
#......#.#.#..#
#.#
###.##.#.#.#..#
#.#
#..#.#.#.#..#
#<#
##.#.#.#.#..#
#.#
#.#.#.#.#..#
#.#
#.#.#.#.#..#
#.#


You could see Mrkan's ghost.

Vanquished Creatures
  Terence (D:2)
  Robin (D:2)
  4 gnolls (D:2)
  5 adders (D:2)
  An ooze (D:1)
  2 worms (D:2)
  3 dart slugs
  3 leopard geckos
  An orc (D:3)
  4 giant cockroaches
  11 goblins
  7 hobgoblins
  2 quokkas (D:2)
  2 ball pythons (D:2)
  10 bats
  2 frilled lizards
  6 kobolds
  8 rats
73 creatures vanquished.

Notes
Turn   | Place    | Note
-------+----------+-------------------------------------------
     0 | D:1      | Mrkan the Gargoyle Fighter began the quest for the Orb.
     0 | D:1      | Reached XP level 1. HP: 14/14 MP: 1/1
   104 | D:1      | Reached XP level 2. HP: 16/19 MP: 2/2
   295 | D:1      | Reached XP level 3. HP: 23/24 MP: 3/3
   847 | D:2      | Reached XP level 4. HP: 29/29 MP: 4/4
  1251 | D:2      | Found a blossoming altar of Fedhas.
  1314 | D:2      | Noticed Terence
  1329 | D:2      | Killed Terence
  1329 | D:2      | Reached XP level 5. HP: 28/33 MP: 5/5
  2202 | D:2      | Noticed Robin
  2213 | D:2      | Killed Robin
  2508 | D:3      | Noticed Mrkan's ghost (amateur TrMo)
  2523 | D:3      | Slain by Mrkan's ghost

Skill      XL: |  1  2  3  4 |
---------------+-------------+-----
Fighting       | 4 |  4.4
Armour         | 4 |  4.4
Shields        | 4 |  4.0
Maces & Flails | 3 |  3.8

Action                   |  1- 3 |  4- 6 || total
-------------------------+-------+-------++-------
Melee: Flail             |    94 |   197 ||   291
  Use: Potion            |       |     1 ||     1
  Eat: Chunk             |       |     6 ||     6
Armor: Scale mail        |    58 |   114 ||   172
Dodge: Dodged            |    24 |    91 ||   115
Block: Shield            |    47 |   121 ||   168
